 Dungeon Crawl Stone Soup version 0.27-a0-1140-g099f9bb0e8 (webtiles) character file.

Game seed: 7520120906649042177

300 freelancePsychic the Chopper (level 6, 0/56 HPs)
             Began as a Hill Orc Abyssal Knight on May 9, 2021.
             Was a Believer of Lugonu.
             Slain by a gnoll
             ... wielding a +0 whip
              (7 damage)
             ... on level 4 of the Dungeon.
             The game lasted 00:07:14 (4352 turns).

freelancePsychic the Chopper (HOAK)                 Turns: 4352, Time: 00:07:15

Health: 0/56       AC:  4    Str: 17    XL:     6   Next: 36%
Magic:  0/9        EV:  6    Int: 12    God:    Lugonu [**....]
Gold:   80         SH:  0    Dex: 10    Spells: 5/5 levels left

rFire    . . .     SeeInvis .   a - +1 hand axe (freeze)
rCold    . . .     Faith    .   (no shield)
rNeg     . . .     Spirit   +   b - +0 leather armour
rPois    .         Reflect  .   (no helmet)
rElec    .         Harm     .   f - +0 cloak
rCorr    .         Rampage  .   (no gloves)
Will     .....                  (no boots)
Stlth    +.........             i - amulet of guardian spirit
HPRegen  0.18/turn              (no ring)
MPRegen  0.11/turn              (no ring)

@: lit by a corona, held, glowing
A: no striking features
a: Renounce Religion, Depart the Abyss, Bend Space


You were on level 4 of the Dungeon.
You worshipped Lugonu.
Lugonu was pleased with you.
You visited 1 branch of the dungeon, and saw 4 of its levels.
You visited the Abyss 1 time.

You collected 80 gold pieces.

Inventory:

Hand Weapons
 a - a +1 hand axe of freezing (weapon)
 n - a +2 vampiric whip
Missiles
 m - 12 poisoned darts
Armour
 b - a +0 leather armour (worn)
 f - a +0 cloak (worn)
Jewellery
 i - an amulet of guardian spirit (around neck)
Scrolls
 e - a scroll of fear {unknown}
 h - a scroll of fog {unknown}
 l - 2 scrolls of magic mapping
 o - a scroll of vulnerability
Potions
 c - a potion of brilliance {unknown}
 g - a potion of cancellation
 j - a potion of magic
 k - a potion of flight


   Skills:
 + Level 5.1 Fighting
 * Level 6.4 Axes
 - Level 2.1 Armour
 - Level 0.7 Dodging
 + Level 4.7 Invocations


You had 5 spell levels left.
You didn't know any spells.
Your spell library contained the following spells:

 Spells                   Type           Power      Damage    Failure   Level
 Beastly Appendage        Tmut           0%         N/A       36%         1
 Wereblood                Tmut           0%         N/A       52%         2
 Spider Form              Tmut/Pois      0%         N/A       75%         3
 Ice Form                 Ice/Tmut       0%         N/A       98%         4
 Hydra Form               Tmut           0%         N/A       100%        5


Dungeon Overview and Level Annotations

Branches:
Dungeon (4/15)
 Temple: D:4-7

Altars:

Shops:
D:1 (


Message History

Your Axes skill increases to level 6!
You have reached level 6!
Your experience leads to an increase in your attributes!
Increase (S)trength, (I)ntelligence, or (D)exterity?
You feel stronger.
A gnoll comes into view. It is wielding a +0 flail.
The gnoll shouts!
You hear a shout! x2
The gnoll drinks a potion.
The gnoll flickers and vanishes!
Deactivating autopickup; reactivate with Ctrl-A.
There is an open door here.
The gnoll shouts! x2
The gnoll hits you from afar with a +0 halberd.
The gnoll shaman invokes the aid of its god against you.
You are outlined in light.
The gnoll hits you from afar with a +0 halberd!
The gnoll hits you from afar with a +0 halberd!
The gnoll throws a throwing net.
The throwing net barely misses you.
The gnoll throws a throwing net.
The throwing net hits you.
You become entangled in the net!
You see here a throwing net.
You struggle against the net.
You tear a large gash into the net.
The gnoll shaman hits you with a +0 whip.
You rip the net and break free!
The gnoll hits you but does no damage. The gnoll shaman closely misses you.
The gnoll hits you from afar with a +0 halberd.
A throwing net appears from out of thin air!
The throwing net hits you.
You become entangled in the net!
You see here a throwing net.
You struggle against the net.
The gnoll hits you from afar with a +0 halberd.
The gnoll hits you from afar with a +0 spear.
You struggle against the net.
The gnoll shaman hits you with a +0 whip!
* * * LOW HITPOINT WARNING * * *
The gnoll barely misses you.
The gnoll hits you from afar with a +0 spear.
* * * LOW HITPOINT WARNING * * *
The gnoll hits you with a +0 whip!
You die...

......#.#..##...#..........#.##..
.#.##.#.#..##...#..........#.##..
.................................
.#+##'#.#..##..##..........#.##..
...........##..##..#...###...##..
.................................
........#.###..##..##............
........#.....g....##..###.......
...............g@..##..###.......
.#............gg.................
...(....#####..#(..##..###.....#.
...#..#.#***#..#...##............
.......(.,##.......##..###...###.
...............#.#.##..# #...# #.
,..............#.......# #...###.
,###.#..#.#............# #...#...
,***,#.................###.......


You could see a gnoll shaman and 3 gnolls.

Vanquished Creatures
  A necrophage (D:4)
  A water moccasin skeleton (D:4)
  A bullfrog zombie (D:4)
  A scorpion zombie (D:4)
  A hound zombie (D:4)
  A hound skeleton (D:4)
  A gnoll (D:3)
  An adder (D:3)
  An adder skeleton (D:4)
  2 dart slugs (D:2)
  A worm (D:3)
  2 orcs (D:2)
  4 ball pythons
  5 bats
  3 endoplasms
  5 giant cockroaches
  2 goblins (D:1)
  3 hobgoblins
  6 jackals
  3 quokkas
  4 frilled lizards
  6 kobolds
  4 rats
59 creatures vanquished.

Notes
Turn   | Place    | Note
-------+----------+-------------------------------------------
     0 | Abyss:1  | freelancePsychic the Hill Orc Abyssal Knight began the
                  | quest for the Orb.
     0 | Abyss:1  | Reached XP level 1. HP: 19/19 MP: 2/2
    46 | D:1      | Escaped the Abyss
    52 | D:1      | Found Ihias's Weapon Shop.
    73 | D:1      | Reached skill level 3 in Axes
   294 | D:1      | Reached XP level 2. HP: 27/27 MP: 4/4
   327 | D:1      | Found a faded altar of an unknown god.
   809 | D:1      | You fall into a shaft and drop 1 floor!
  1466 | D:2      | Reached ** piety under Lugonu
  1485 | D:2      | Reached XP level 3. HP: 33/33 MP: 5/5
  1717 | D:2      | Reached skill level 4 in Axes
  3019 | D:3      | Reached XP level 4. HP: 23/40 MP: 3/6
  3221 | D:4      | Reached skill level 5 in Axes
  3221 | D:4      | Reached XP level 5. HP: 17/47 MP: 2/7
  4281 | D:4      | Noticed a necrophage
  4300 | D:4      | Killed a necrophage
  4301 | D:4      | Reached skill level 5 in Fighting
  4301 | D:4      | Reached skill level 6 in Axes
  4301 | D:4      | Reached XP level 6. HP: 42/56 MP: 7/9
  4352 | D:4      | Slain by a gnoll

Illustrated notes

Levels and vault maps discovered:
D:1:      eino_arrival_tree_alley, layout_loops_cross, serial_shops, shop,
          hellmonk_ecumenical_altar_pennies_from_heaven
D:2:      layout_basic
D:3:      layout_loops_cross
D:4:      layout_basic, general_overflow_altar, serial_undead, serial_undead_d,
          serial_undead_f, serial_undead_a, serial_undead_b,
          serial_park_tiny_pond

Skill      XL: |  1  2  3  4  5 |
---------------+----------------+-----
Axes           | 3 4 5 6 |  6.4
Fighting       | 4 5 |  5.1
Invocations    | 3 4 |  4.7
Armour         | |  2.1
Dodging        | |  0.7

Action                   |  1- 3 |  4- 6 || total
-------------------------+-------+-------++-------
Melee: Hand axe          |   145 |    94 ||   239
       Whip              |    10 |    16 ||    26
  Use: Scroll            |       |     6 ||     6
Armor: Leather armour    |    47 |    31 ||    78
Dodge: Dodged            |   128 |    62 ||   190

Table legend: (Time is in decaauts)
 A = Elapsed time spent in this place.
 B = Non-inter-level travel time spent in this place.
 C = Inter-level travel time spent in this place.
 D = Time resting spent in this place.
 E = Time spent auto-exploring this place.
 F = Levels seen in this place.
 G = Mean time per level.
                   A        B        C        D        E       F      G
               +--------+--------+--------+--------+--------+-----+--------+
         Total |   4378 |   4244 |    134 |   1206 |   2355 |   5 |  875.6 |
       Dungeon |   4332 |   4198 |    134 |   1206 |   2317 |   4 | 1083.0 |
         Abyss |     46 |     46 |      0 |      0 |     38 |   1 |   46.0 |
               +--------+--------+--------+--------+--------+-----+--------+

Top non-repeatable levels by time:
     D:2: 1372 daAuts
     D:3: 1279 daAuts
     D:1: 963 daAuts
     D:4: 716 daAuts
 Abyss:1: 46 daAuts
